 Dungeon Crawl Stone Soup version 0.30-a0-778-g2ef04afb54 (webtiles) character file.

Game seed: 13871786461091655383

413 Orangeyouglad the Sneak (level 6, -8/37 HPs)
             Began as a Vampire Gladiator on Feb 15, 2023.
             Killed by divine providence
             ... invoked by an orc priest
              (13 damage)
             ... on level 4 of the Dungeon.
             The game lasted 00:10:32 (3190 turns).

Orangeyouglad the Sneak (Vampire Gladiator)         Turns: 3190, Time: 00:10:33

Health: -8/37      AC:  5    Str: 15    XL:     6   Next: 59%
Magic:  6/6        EV: 13    Int: 17    God:
Gold:   169        SH:  0    Dex: 15    Spells: 3/5 levels left

rFire   . . .      SeeInvis +      - Unarmed
rCold   + + +      Faith    .    (no shield)
rNeg    + + +      Spirit   .    a - +0 leather armour
rPois   ∞          Reflect  .    b - +0 helmet
rElec   .          Harm     .    n - +0 cloak
rCorr   .          Rampage  .    (no gloves)
Will    .....                    (no boots)
Stlth   +++++                    (no amulet)
HPRegen 0.00/turn                q - +6 ring of intelligence
MPRegen 0.10/turn                l - ring of protection from cold

@: bloodless, inhibited regen
A: bloodless, fangs 3, see invisible, vampiric 2
a: Bat Form, Revivify


You were on level 4 of the Dungeon.
You visited 1 branch of the dungeon, and saw 5 of its levels.

You collected 169 gold pieces.

Inventory:

Armour
 a - a +0 leather armour (worn)
 b - a +0 helmet (worn)
 c - an orb of guile
 n - a +0 cloak (worn)
Jewellery
 f - a +6 ring of intelligence
 l - a ring of protection from cold (right hand)
 q - a +6 ring of intelligence (left hand)
 v - a ring of wizardry
Scrolls
 i - 3 scrolls of blinking {unknown}
 m - a scroll of enchant weapon
Potions
 d - a potion of berserk rage
 e - a potion of cancellation
 g - a potion of might
 h - a potion of brilliance {unknown}
 j - 3 potions of mutation {unknown}
 k - 2 potions of heal wounds
 r - a potion of curing {unknown}
 t - a potion of lignification {unknown}
 u - a potion of flight {unknown}


   Skills:
 + Level 3.4 Fighting
 - Level 1.5 Throwing
 + Level 5.0 Dodging
 + Level 5.1 Stealth
 + Level 5.0 Unarmed Combat
 + Level 0.0 Transmutations


You had 3 spell levels left.
You knew the following spells:

 Your Spells              Type           Power      Damage    Failure   Level
a - Passwall              Tmut/Erth      0%         N/A       41%         2

Your spell library contained the following spells:

 Spells                   Type           Power      Damage    Failure   Level
 Sandblast                Erth           0%         2d4       28%         1
 Gell's Gravitas          Tloc           0%         N/A       65%         3
 Stone Arrow              Conj/Erth      0%         3d7       65%         3
 Teleport Other           Tloc           0%         N/A       65%         3
 Airstrike                Air            0%         2d(0-16)  96%         4
 Summon Lightning Spire   Summ/Air       0%         N/A       96%         4
 Lightning Bolt           Conj/Air       0%         1d11      100%        5
 Dispersal                Tloc           0%         N/A       100%        6


Dungeon Overview and Level Annotations

Branches:
Dungeon (5/15)
 Temple: D:4-7

Altars:

Shops:
D:1 [

Annotations:
D:4 Eustachio


Innate Abilities, Weirdness & Mutations

You do not regenerate when monsters are visible.
You are frail without blood (-20% HP).
You can heal yourself when you bite living creatures.
You are immune to poison.
You have razor-sharp teeth.
You have supernaturally acute eyesight. (SInv)
You are afflicted with vampirism and can become a bat while bloodless.


Message History

Okay, then.
You aren't carrying any items that you can evoke.
Unknown command.
As you read the scroll of fog, it crumbles to dust.
The scroll dissolves into smoke.
The orc hits you with a +0 club. The orc hits you but does no damage.
Things that are here:
a +0 mace; a +0 leather armour You hit the orc.
The orc is almost dead.
The orc hits you with a +0 club. The orc hits you with a +0 mace.
The necrophage misses you.
You hit the orc.
You kill the orc!
The orc closely misses you. The necrophage hits you.
* * * LOW HITPOINT WARNING * * *
The orc closely misses you. The orc closely misses you.
The necrophage completely misses you.
The orc priest attacks as you move away!
The orc priest hits you with a +0 dagger of venom.
* * * LOW HITPOINT WARNING * * *
The orc misses you.
The orc priest attacks as you move away!
The orc priest hits you with a +0 dagger of venom.
* * * LOW HITPOINT WARNING * * *
You barely miss the orc priest. Your bite misses the orc priest.
The orc priest misses you.
You punch the orc priest!
The orc priest is heavily wounded.
The orc priest hits you with a +0 dagger of venom.
* * * LOW HITPOINT WARNING * * *
You closely miss the orc priest.
You bite the orc priest, but do no damage.
The orc priest is heavily wounded.
The orc priest hits you but does no damage.
You hit the orc priest.
The orc priest is severely wounded.
The orc priest calls down the wrath of Beogh upon you.
Beogh smites you!
You die...

#...##........#
#.>§..........#
#..§##........#
#######§§.##.........
#..§§§§§§§##........#
#..§§§§§§§###########
#..§§§§n§.#
#######..?#
#...@ooo.##
#.######## #........
#........ #........
#........


You could see an orc priest and 2 orcs.

Vanquished Creatures
  A black bear (D:4)
  Blork the orc (D:4)
  A howler monkey (D:4)
  Crazy Yiuf (D:3)
  A jelly (D:4)
  3 gnolls (D:2)
  4 adders
  An ufetubus (D:4)
  A worm (D:2)
  8 orcs
  5 endoplasms
  8 giant cockroaches
  5 goblins
  3 hobgoblins
  7 jackals (D:1)
  2 quokkas
  9 ball pythons
  10 bats
  3 frilled lizards
  2 kobolds
  4 rats
80 creatures vanquished.

Notes
Turn   | Place    | Note
-------+----------+-------------------------------------------
     0 | D:1      | Orangeyouglad the Vampire Gladiator began the quest for the
                  | Orb.
     0 | D:1      | Reached XP level 1. HP: 16/16 MP: 1/1
    56 | D:1      | Found Muishet's Antique Armour Emporium.
    86 | D:1      | Reached skill level 1 in Stealth
   106 | D:1      | Reached XP level 2. HP: 22/22 MP: 2/2
   903 | D:2      | Gained mutation: You are afflicted with vampirism and can
                  | become a bat while bloodless. [Vampire growth]
   903 | D:2      | Reached XP level 3. HP: 27/27 MP: 3/3
  1129 | D:2      | Found a faded altar of an unknown god.
  1434 | D:2      | Reached XP level 4. HP: 29/34 MP: 4/4
  1772 | D:3      | Learned a level 2 spell: Passwall
  2067 | D:3      | Found a runed translucent door.
  2068 | D:3      | Noticed Crazy Yiuf
  2143 | D:3      | Killed Crazy Yiuf
  2144 | D:3      | Reached XP level 5. HP: 33/40 MP: 5/5
  2440 | D:4      | Noticed Blork the orc
  2589 | D:4      | Noticed Eustachio
  2778 | D:4      | Noticed a black bear
  2896 | D:4      | Killed Blork the orc
  2897 | D:4      | Reached XP level 6. HP: 27/47 MP: 6/6
  3014 | D:4      | Reached skill level 5 in Dodging
  3014 | D:4      | Reached skill level 5 in Stealth
  3014 | D:4      | Reached skill level 5 in Unarmed Combat
  3051 | D:5      | Entered Level 5 of the Dungeon
  3190 | D:4      | Killed from afar by an orc priest

Illustrated notes

Levels and vault maps discovered:
D:1:      dreamdust_arrival_beginning_and_end, layout_loops_ring, serial_shops,
          shop_statue
D:2:      layout_loops_ring, hellmonk_ecumenical_altar_heavens_door
D:3:      layout_loops_cross, uniq_crazy_yiuf_cottage
D:4:      layout_basic, uniq_blork_the_orc, uniq_eustachio
D:5:      layout_cave_pods, grunt_temple_overflow_diamond,
          serial_co_window_serial, co_window_paths_a, co_window_paths_a,
          co_window_of_opportunity_a, co_window_of_opportunity_a,
          co_window_of_opportunity_a, co_window_unsneaky_path_a,
          co_window_cross_4, co_window_broadway_a,
          amcnicky_mini_rare_corridor_liquid, uniq_grinder

Skill      XL: |  1  2  3  4  5  6 |
---------------+-------------------+-----
Stealth        | 1 2 3 4 5 |  5.1
Fighting       | 2 3 |  3.4
Dodging        | 4 5 |  5.0
Unarmed Combat | 4 5 |  5.0
Throwing       | |  1.5

Action                     |  1- 3 |  4- 6 || total
---------------------------+-------+-------++-------
  Melee: Unarmed           |   101 |   120 ||   221
         Bite              |    15 |    10 ||    25
         Punch             |     3 |     4 ||     7
  Throw: Javelin           |    11 |    23 ||    34
         Throwing net      |       |     5 ||     5
Ability: Exsanguinate      |       |     1 ||     1
  Evoke: Wand              |       |     4 ||     4
    Use: Scroll            |       |    11 ||    11
   Stab: Sleeping          |     5 |     3 ||     8
         Invisible         |       |     1 ||     1
         Held in net/web   |       |     1 ||     1
 Armour: Leather armour    |    20 |    32 ||    52
  Dodge: Dodged            |    80 |   109 ||   189

Table legend: (Time is in decaauts)
 A = Elapsed time spent in this place.
 B = Non-inter-level travel time spent in this place.
 C = Inter-level travel time spent in this place.
 D = Time resting spent in this place.
 E = Time spent auto-exploring this place.
 F = Levels seen in this place.
 G = Mean time per level.
                   A        B        C        D        E       F      G
               +--------+--------+--------+--------+--------+-----+--------+
         Total |   3187 |   2882 |    305 |    232 |   1460 |   5 |  637.4 |
       Dungeon |   3187 |   2882 |    305 |    232 |   1460 |   5 |  637.4 |
               +--------+--------+--------+--------+--------+-----+--------+

Top non-repeatable levels by time:
     D:3: 1061 daAuts
     D:2: 769 daAuts
     D:1: 723 daAuts
     D:4: 588 daAuts
     D:5: 44 daAuts
